Map: Frost LE

Players

viOLet

  • Race: Zerg Zerg

Has - Winner!

  • Race: Protoss Protoss

Event: IEM Season 11 - Shanghai

VOD

https://www.twitch.tv/esl_sc2/v/80604395

Description

Time

  • Played on: July 28, 2016, 8:09 a.m.
  • Length: 9:58

All games in this series

Show
View Real Time Build Order
Export as new Build Order

viOLet Zerg 

Build Orders: Hatch First 

Get SALT Encoding   

  12  0:00  Drone  
  13  0:12  Overlord  
  13  0:17  Drone  
  14  0:31  Drone x2  
  14  0:35  Drone  
  17  0:52  Hatchery  
  17  0:55  Drone  
  17  0:59  Drone  
  18  1:09  Extractor  
  17  1:14  Spawning Pool  
  17  1:16  Drone  
  17  1:19  Drone  
  18  1:37  Drone  
  19  2:02  Queen  
  19  2:03  Roach Warren, Zergling x2  
  19  2:04  Zergling x4  
  19  2:06  Zergling x2  
  24  2:20  Overlord  
  24  2:36  Drone  
  25  2:45  Roach x3  
  25  2:46  Roach  
  25  2:47  Roach  
  35  3:05  Drone  
  35  3:15  Drone  
  33  3:20  Overlord  
  33  3:24  Hatchery  
  29  3:39  Drone  
  29  3:50  Drone x2  
  29  3:55  Metabolic Boost  
  31  3:58  Hatchery  
  30  4:06  Drone x3  
  33  4:12  Queen  
  35  4:17  Overlord  
  35  4:29  Drone  
  35  4:30  Drone  
  37  4:34  Spore Crawler  
  37  4:36  Spore Crawler  
  35  4:41  Drone x2  
  29  4:48  Queen  
  27  4:59  Drone  
  25  5:05  Drone x2  
  27  5:11  Drone  
  28  5:21  Queen  
  30  5:24  Drone x2  
  30  5:25  Drone  
  33  5:31  Drone x2  
  33  5:33  Drone  
  36  5:36  Drone  
  37  5:45  Drone x2  
  37  5:49  Queen  
  41  5:54  Drone x2  
  43  6:03  Drone x4  
  47  6:08  Zergling x6  
  50  6:11  Drone  
  50  6:15  Overlord x2  
  49  6:22  Drone x2  
  49  6:23  Drone  
  49  6:24  Drone  
  50  6:33  Overlord x2  
  50  6:34  Drone x3  
  53  6:45  Drone x2  
  56  6:47  Drone x2, Spore Crawler  
  56  6:52  Lair  
  56  6:54  Drone  
  56  6:56  Drone x2  
  58  7:03  Drone x2, Overlord  
  58  7:04  Drone  
  60  7:11  Queen  
  60  7:12  Queen  
  60  7:13  Spore Crawler  
  63  7:17  Spore Crawler  
  63  7:18  Spore Crawler  
  56  7:33  Drone x8  
  55  7:41  Drone x4  
  55  7:42  Spore Crawler  
  56  7:47  Queen  
  55  7:52  Spore Crawler  
  55  7:55  Drone x2  
  55  7:56  Extractor  
  55  7:58  Hatchery  
  55  8:03  Drone  
  55  8:04  Drone  
  56  8:09  Drone x3, Queen  
  56  8:11  Extractor  
  60  8:13  Extractor, Drone  
  60  8:22  Hydralisk Den  
  58  8:30  Drone x7  
  65  8:45  Queen  
  67  8:52  Extractor  
  67  8:54  Extractor  
  67  8:55  Hydralisk x2  
  67  8:59  Hatchery  
  68  9:06  Hydralisk x2, Infestation Pit  
  68  9:07  Hydralisk  
  72  9:11  Hydralisk  
  74  9:18  Hydralisk x2  
  73  9:24  Hydralisk  
  73  9:25  Hydralisk  
Show
View Real Time Build Order
Export as new Build Order

Has Protoss - Winner!

Build Orders: Oracle Opening 

Get SALT Encoding   

  12  0:01  Probe (Chrono Boost)  
  13  0:11  Probe (Chrono Boost)  
  14  0:18  Pylon  
  14  0:22  Probe (Chrono Boost)  
  15  0:36  Probe (Chrono Boost)  
  15  0:41  Gateway  
  16  0:47  Probe (Chrono Boost)  
  17  0:54  Forge  
  17  1:03  Probe (Chrono Boost)  
  18  1:08  Assimilator  
  18  1:14  Probe (Chrono Boost)  
  19  1:23  Pylon  
  19  1:25  Probe (Chrono Boost)  
  20  1:28  Pylon  
  20  1:31  Pylon  
  20  1:35  Probe (Chrono Boost)  
  21  1:46  Photon Cannon  
  21  1:48  Probe (Chrono Boost)  
  22  1:56  Photon Cannon  
  22  2:02  Probe (Chrono Boost)  
  23  2:09  Pylon  
  23  2:16  Probe (Chrono Boost), Photon Cannon  
  24  2:29  Photon Cannon  
  24  2:31  Zealot, Cybernetics Core  
  26  2:39  Assimilator  
  27  2:44  Probe (Chrono Boost)  
  27  2:55  Pylon  
  27  3:08  Stargate  
  27  3:23  Probe (Chrono Boost), Nexus  
  29  3:36  Pylon  
  29  3:39  Warp Gate  
  29  3:46  Oracle, Pylon  
  31  4:05  Assimilator  
  33  4:11  Mothership Core (Chrono Boost)  
  33  4:21  Oracle  
  36  4:30  Probe (Chrono Boost)  
  37  4:36  Pylon  
  37  4:40  Probe x2 (Chrono Boost)  
  39  4:50  Probe (Chrono Boost)  
  40  4:58  Probe (Chrono Boost)  
  41  5:01  Probe (Chrono Boost)  
  41  5:05  Assimilator  
  42  5:09  Probe (Chrono Boost)  
  42  5:11  Probe (Chrono Boost)  
  44  5:14  Stargate  
  44  5:16  Stargate  
  44  5:19  Probe (Chrono Boost)  
  45  5:22  Probe (Chrono Boost)  
  46  5:30  Probe (Chrono Boost), Pylon  
  46  5:31  Pylon  
  46  5:32  Probe (Chrono Boost)  
  46  5:34  Nexus  
  48  5:38  Pylon  
  48  5:40  Probe (Chrono Boost)  
  48  5:42  Oracle  
  49  5:45  Probe (Chrono Boost)  
  53  5:51  Probe (Chrono Boost)  
  53  5:56  Probe (Chrono Boost)  
  55  5:59  Oracle  
  55  6:02  Probe (Chrono Boost)  
  59  6:08  Stalker  
  59  6:10  Oracle  
  60  6:16  Probe (Chrono Boost)  
  60  6:17  Probe (Chrono Boost)  
  65  6:23  Oracle  
  68  6:27  Probe (Chrono Boost)  
  68  6:28  Pylon  
  68  6:29  Probe (Chrono Boost)  
  68  6:31  Pylon  
  70  6:41  Oracle x2  
  70  6:46  Pylon  
  78  6:47  Probe x2 (Chrono Boost)  
  78  6:48  Probe (Chrono Boost)  
  78  6:54  Pylon  
  79  6:57  Pylon  
  79  6:59  Probe (Chrono Boost)  
  79  7:00  Probe x2 (Chrono Boost)  
  81  7:11  Oracle  
  81  7:12  Probe x2 (Chrono Boost), Oracle  
  86  7:18  Assimilator  
  86  7:19  Probe (Chrono Boost), Assimilator  
  91  7:24  Probe x2 (Chrono Boost)  
  91  7:29  Probe (Chrono Boost)  
  87  7:35  Oracle  
  87  7:36  Probe x2 (Chrono Boost)  
  89  7:40  Probe (Chrono Boost)  
  93  7:47  Oracle  
  93  7:48  Probe (Chrono Boost)  
  93  7:49  Probe (Chrono Boost)  
  93  7:50  Probe (Chrono Boost)  
  93  7:51  Oracle  
  99  8:00  Probe (Chrono Boost), Pylon  
  99  8:01  Probe x2 (Chrono Boost)  
  99  8:02  Pylon  
  102  8:06  Oracle  
  102  8:12  Probe (Chrono Boost)  
  104  8:13  Probe (Chrono Boost)  
  104  8:22  Oracle  
  104  8:24  Oracle  
  104  8:27  Nexus  
  107  8:28  Pylon  
  107  8:29  Pylon  
  107  8:31  Photon Cannon  
  107  8:32  Pylon  
  107  8:33  Probe (Chrono Boost)  
  111  8:34  Stargate  
  111  8:37  Oracle  
  111  8:47  Photon Cannon  
  114  8:48  Gateway  
  114  8:49  Gateway  
  114  8:55  Adept  
  116  8:58  Oracle  
  116  9:02  Oracle  
  119  9:08  Oracle  
  133  9:55  Assimilator  
  133  9:56  Assimilator  

Tags
 
Add a new tag
Caveats
  • Supply blocks, unpowered buildings, or Contaminate may cause inaccurate times.
  • Supply counts are checked every 10 seconds.